 Dungeon Crawl Stone Soup version 0.22-a0-157-g169b76a (webtiles) character file.

41 dududu the Scratcher (level 3, 0/22 HPs)
             Began as a Felid Transmuter on Feb 8, 2018.
             Succumbed to an adder's poison
             ... on level 1 of the Dungeon.
             The game lasted 00:11:58 (1988 turns).

dududu the Scratcher (Felid Transmuter)             Turns: 1988, Time: 00:11:59

Health: 0/22       AC: 21    Str:  6    XL:     3   Next: 32%
Magic:  4/7        EV:  4    Int: 20    God:
Gold:   91         SH:  0    Dex: 21    Spells: 0/6 levels left
                                        Lives:  0   Deaths: 0

rFire    . . .     SeeInvis +     - Unarmed
rCold    . . .     Gourm    .   (shield unavailable)
rNeg     + + +     Faith    .   (armour unavailable)
rPois    +         Spirit   .   (helmet unavailable)
rElec    .         Reflect  .   (cloak unavailable)
rCorr    .         Harm     .   (gloves unavailable)
MR       .....     NoTele   +   (boots unavailable)
Stlth    +++.......             (no amulet)
HPRegen  0.07/turn              (no ring)
MPRegen  0.10/turn              (no ring)

@: brilliant, agile, lethally poisoned (0 -> -7), tree-form, very slightly
contaminated, invisible
A: very small, no armour, no weapons or thrown items, stealth, see invisible,
carnivore, slow metabolism 1
a: no special abilities


You were on level 1 of the Dungeon.
You were completely stuffed.
You were a tree.
You visited 1 branch of the dungeon, and saw 2 of its levels.

You collected 91 gold pieces.

Inventory:

Missiles
 a - 66 arrows
Jewellery
 l - an uncursed ring of fire
Scrolls
 d - 2 scrolls of fog {unknown}
 e - a scroll of blinking {unknown}
 i - a scroll of teleportation {unknown}
 j - 2 scrolls of remove curse {unknown}
 k - a scroll of identify
Potions
 f - a potion of brilliance
Books
 b - a book of Changes

   Spells                             Type                      Level
   a - Beastly Appendage              Transmutation                1
   b - Sticks to Snakes               Transmutation                2
   c - Spider Form                    Transmutation/Poison         3
   d - Ice Form                       Ice/Transmutation            4
   e - Blade Hands                    Transmutation                5
Comestibles
 c - a ration
 m - 3 chunks of flesh


   Skills:
 - Level 1.0 Fighting
 - Level 3.2 Dodging
 - Level 0.2 Stealth
 + Level 3.5 Unarmed Combat
 + Level 2.0 Spellcasting
 * Level 3.1 Transmutations


You couldn't memorise any spells.
You knew the following spells:

 Your Spells              Type           Power        Failure   Level  Hunger
a - Beastly Appendage     Tmut           ####..       1%          1    #......
b - Sticks to Snakes      Tmut           ####....     1%          2    ##.....
c - Spider Form           Tmut/Pois      ###.......   3%          3    ###....


Dungeon Overview and Level Annotations

Branches:
Dungeon (2/15)

Altars:

Annotations:
D:1 exclusion: downstairs
D:2 exclusions: giant cockroach, 3 goblins and 3 hobgoblins, Robin, Sigmund


Innate Abilities, Weirdness & Mutations

You cannot wear armour.
You are incapable of wielding weapons or throwing items.
Your paws allow you to move quietly. (Stealth)
((You have sharp claws.))
((You have razor-sharp teeth.))
You have supernaturally acute eyesight. (SInv)
You are carnivorous and can eat meat at any time.
((You cover ground quickly.))
((You are covered in fur. (AC +1)))
You have a slow metabolism.
((Your sharp claws are effective at attacking unaware monsters.))


Message History

Okay, then.
It was a potion of invisibility.
You fade into invisibility!
* * * LOW HITPOINT WARNING * * *
You feel sick. The adder completely misses you.
You are very lightly contaminated with residual magic.
* * * LOW HITPOINT WARNING * * *
You feel sick.
You kill the adder!
The bat closely misses you.
It was a potion of agility.
You feel agile all of a sudden. The bat completely misses you. x2
It was a potion of lignification.
Your transformation has ended.
You turn into a tree.
Your roots penetrate the ground.
The bat hits you but does no damage.
You hit the bat.
The bat is severely wounded.
You die...

#...# #...# #...# #...# #...#
#...# ###############)..#
#...#
#......)......#...#######...#
#.######w...................#
#.# #.....###.#...#######....
#.# #.....###.#...#######....
#.# #.....wb♣................
#.# #.....###)##########...##
#w# #.....###.###### #...##
#.# #..............# #...##
#># #......##......# #...##
#.# #......##......# #...##
#.# #......#############...##
##.#
####'#.##..............##
#..# #.#.##.###########'###


You could see a worm and a bat.

Vanquished Creatures
  An adder (D:1)
  An ooze (D:1)
  4 bats (D:1)
  2 giant cockroaches (D:1)
  4 goblins (D:1)
  6 hobgoblins (D:1)
  A frilled lizard (D:1)
  2 kobolds (D:1)
  3 rats (D:1)
24 creatures vanquished.

Vanquished Creatures (collateral kills)
  A worm (D:1)
1 creature vanquished.

Grand Total: 25 creatures vanquished

Notes
Turn   | Place    | Note
-------+----------+-------------------------------------------
     0 | D:1      | dududu the Felid Transmuter began the quest for the Orb.
     0 | D:1      | Reached XP level 1. HP: 9/9 MP: 4/4
   851 | D:1      | Reached XP level 2. HP: 12/12 MP: 4/6
   872 | D:1      | Learned a level 2 spell: Sticks to Snakes
  1726 | D:2      | Noticed Sigmund
  1751 | D:2      | Noticed Robin
  1879 | D:1      | Reached XP level 3. HP: 15/15 MP: 0/7
  1970 | D:1      | Learned a level 3 spell: Spider Form
  1988 | D:1      | Succumbed to an adder's poison

Vault maps used:
D:1:      nzn_arrival_water_spiral, minmay_misc_feat_x
D:2:      grunt_temple_overflow_cloverleaf, yredelemnul_forgotten_temple_becter,
          first_ration, makhleb_altar_promises_db, uniq_terence, uniq_sigmund,
          uniq_robin

Skill      XL: |  1  2 |
---------------+-------+-----
Dodging        | 3 |  3.2
Transmutations | 3 |  3.1
Fighting       | |  1.0
Stealth        | |  0.2
Unarmed Combat | |  3.5
Spellcasting   | |  2.0

Action                   || total
-------------------------++-------
Melee: Unarmed           ||    73
       Headbutt          ||     8
       Bite              ||     5
 Cast: Beastly Appendage ||    17
       Sticks to Snakes  ||     5
       Spider Form       ||     1
  Use: Scroll            ||     1
       Potion            ||     4
 Stab: Sleeping          ||     3
  Eat: Chunk             ||    10
Armor: Skin              ||     6
Dodge: Dodged            ||    56

Table legend:
 A = Spawn XP
 B = Non-spawn XP
 C = Spawn XP percentage of total XP
 D = Spawn monster count
 E = Non-spawn monster count
 F = Spawn count percentage of total count
 G = Total turns spent on level
                    A         B        C        D         E        F      G
               +---------+---------+-------+---------+---------+-------+---------
         Total |       0 |      59 |   0.0 |       0 |      25 |   0.0 |  1988
               +---------+---------+-------+---------+---------+-------+---------
           D:1 |       0 |      59 |   0.0 |       0 |      25 |   0.0 |  1974
               +---------+---------+-------+---------+---------+-------+---------
